 Dungeon Sprint DCSS version 0.24.1-8-ga250c9d538 (webtiles) character file.

Game seed: 10215342330080648368, levelgen mode: deterministic

28 Doot the Magician (level 3, 0/19 HPs)
             Began as a Tengu Wizard on Apr 28, 2020.
             Slain by a leopard gecko (4 damage)
             ... in the Dungeon (Sprint IX: "|||||||||||||||||||||||||||||").
             The game lasted 00:00:39 (259 turns).

Doot the Magician (Tengu Wizard)                     Turns: 259, Time: 00:00:39

Health: 0/19       AC:  2    Str:  7    XL:     3   Next: 12%
Magic:  1/11       EV: 13    Int: 19    God:
Gold:   0          SH:  0    Dex: 12    Spells: 12/13 levels left

rFire    . . .     SeeInvis .   c - +0 short sword
rCold    . . .     Gourm    .   (no shield)
rNeg     . . .     Faith    .   a - +0 robe
rPois    .         Spirit   .   b - +0 hat
rElec    .         Reflect  .   (no cloak)
rCorr    .         Harm     .   (no gloves)
MR       .....     NoTele   +   (boots unavailable)
Stlth    ++........             (no amulet)
HPRegen  0.06/turn              (no ring)
MPRegen  0.12/turn              (no ring)

@: very slightly contaminated
A: beak, talons 3
a: no special abilities


You were in the Dungeon.
You were not hungry.

You visited 1 branch

Inventory:

Hand Weapons
 c - a +0 short sword (weapon)
Armour
 a - a +0 robe (worn)
 b - a +0 hat (worn)
Scrolls
 j - a scroll of blinking
Potions
 f - a potion of heal wounds
 g - a potion of haste
 h - 2 potions of magic
 i - a potion of berserk rage
Comestibles
 d - a ration


   Skills:
 + Level 3.2 Dodging
 + Level 2.4 Stealth
 + Level 5.6 Spellcasting
 + Level 1.8 Conjurations
   Level 1.2 Summonings
   Level 0.7 Translocations


You had 12 spell levels left.
You knew the following spells:

 Your Spells              Type           Power        Failure   Level  Hunger
a - Magic Dart            Conj           ##..         5%          1    None

Your spell library contained the following spells:

 Spells                   Type           Power        Failure   Level  Hunger
 Call Imp                 Summ           ##......     11%         2    None
 Blink                    Tloc           N/A          13%         2    None
 Slow                     Hex            #.......     19%         2    None
 Conjure Flame            Conj/Fire      #.......     24%         3    ##.....
 Mephitic Cloud           Conj/Pois/Air  #.......     26%         3    ##.....


Dungeon Overview and Level Annotations

Branches:
Dungeon (1/1)

Altars:


Innate Abilities, Weirdness & Mutations

You have a beak for a mouth.
You have claws for feet.


Message History

You have reached level 3!
Your experience leads to an increase in your attributes!
Increase (S)trength, (I)ntelligence, or (D)exterity?
You feel clever.
You hit the adder skeleton. You claw the adder skeleton.
The adder skeleton is moderately damaged.
The leopard gecko hisses menacingly.
The adder skeleton barely misses you.
You barely miss the adder skeleton. You claw the adder skeleton!
The adder skeleton is almost destroyed.
The adder skeleton barely misses you.
You hit the adder skeleton.
You destroy the adder skeleton!
You hit the leopard gecko but do no damage.
The leopard gecko closely misses you. The leopard gecko bites you.
You hit the leopard gecko but do no damage.
The leopard gecko bites you.
* * * LOW HITPOINT WARNING * * *
The leopard gecko bites you.
You die...

▓▓▓
▓<▓
▓÷▓
▓.▓
▓.▓
▓)▓
▓.▓
▓.▓
▓@▓
▓l▓
▓o▓
▓†▓
▓.▓
▓.▓
▓.▓
▓.▓
▓.▓


You could see an orc and a leopard gecko.

Vanquished Creatures
  2 adders (D)
  An adder skeleton (D)
  A leopard gecko (D)
  A goblin (D)
  A kobold (D)
  A frilled lizard (D)
  A rat (D)
8 creatures vanquished.

Notes
Turn   | Place    | Note
-------+----------+-------------------------------------------
     0 | D        | Doot the Tengu Wizard began the quest for the Orb.
     0 | D        | Reached XP level 1. HP: 10/10 MP: 5/5
    16 | D        | Reached skill level 4 in Spellcasting
   243 | D        | Reached skill level 5 in Spellcasting
   243 | D        | Reached XP level 2. HP: 9/15 MP: 0/9
   252 | D        | Reached XP level 3. HP: 10/19 MP: 0/10
   259 | D        | Slain by a leopard gecko

Levels and vault maps discovered:
D:        linesprint [early_d, line_temple, items_1, d_10, items_2, lair_1,
          lair_end, items_3, orc_1, orc_end, items_4, d_15, swamp_1, shoals_1,
          snake_1, spider_1, d_20, vaults_1, items_5, swamp_end, shoals_end,
          snake_end, spider_end, vaults_end, d_27, items_6, zot_1, zot_end,
          crypt_end, forest_end, elf_end, slime_end, tomb_end, abyss_end,
          pan_hell_end]

Skill      XL: |  1  2 |
---------------+-------+-----
Spellcasting   | 5 |  5.6
Dodging        | 3 |  3.2
Stealth        | |  2.4
Conjurations   | |  1.8
Summonings     | |  1.2
Translocations | |  0.7

Action                   || total
-------------------------++-------
Melee: Unarmed           ||     4
       Short sword       ||    15
       Kick              ||     6
       Peck              ||     2
 Cast: Magic Dart        ||    12
  Use: Potion            ||     1
Armor: Robe              ||     3
Dodge: Dodged            ||    19
